 Dungeon Crawl Stone Soup version 0.22-a0-398-g8bb545f (webtiles) character file.

67 emperorscorpion the Shield-Bearer (level 4, 0/28 HPs)
             Began as a Gargoyle Fighter on May 5, 2018.
             Slain by an ogre
             ... wielding a cursed +0 giant club
              (15 damage)
             ... on level 2 of the Dungeon.
             The game lasted 00:01:49 (1065 turns).

emperorscorpion the Shield-Bearer (GrFi)            Turns: 1065, Time: 00:01:50

Health: 0/28       AC: 12    Str: 20    XL:     4   Next: 18%
Magic:  0/4        EV:  5    Int:  9    God:
Gold:   61         SH:  9    Dex:  9    Spells: 3/3 levels left

rFire    . . .     SeeInvis .   a - +0 flail
rCold    . . .     Gourm    .   c - +0 shield
rNeg     + . .     Faith    .   v - +0 chain mail
rPois    ∞         Spirit   +   (no helmet)
rElec    +         Reflect  .   A - scarf {Spirit}
rCorr    .         Harm     .   (no gloves)
MR       .....                  (no boots)
Stlth    ..........             (no amulet)
HPRegen  0.09/turn              (no ring)
MPRegen  0.09/turn              (no ring)

@: no status effects
A: negative energy resistance 1, electricity resistance, unbreathing,
petrification resistance, rot immunity, AC +3
a: no special abilities


You were on level 2 of the Dungeon.
You were not hungry.

You visited 1 branch of the dungeon, and saw 2 of its levels.

You collected 61 gold pieces.

Inventory:

Hand Weapons
 a - a +0 flail (weapon)
Missiles
 y - 18 poisoned needles
Armour
 b - a +0 scale mail
 c - a +0 shield (worn)
 v - a +0 chain mail (worn)
 A - a scarf of spirit shield (worn)
Jewellery
 o - a +3 ring of protection {unknown}
 r - a cursed amulet of inaccuracy {unknown}
 u - an uncursed ring of protection from cold {unknown}
Scrolls
 e - a scroll of blinking {unknown}
 h - a scroll of enchant armour {unknown}
 i - a scroll of magic mapping {unknown}
 j - 2 scrolls of remove curse {unknown}
 k - a scroll of immolation {unknown}
 l - a scroll of amnesia {unknown}
 n - a scroll of teleportation {unknown}
 s - a scroll of noise {unknown}
 w - 3 scrolls of identify {unknown}
 x - 2 scrolls of enchant weapon {unknown}
Potions
 d - a potion of might
 m - a potion of curing {unknown}
 p - a potion of resistance {unknown}
 q - a potion of lignification {unknown}
 t - a potion of haste {unknown}
 z - a potion of heal wounds {unknown}
Comestibles
 f - 2 rations
 g - 2 chunks of flesh


   Skills:
 + Level 3.5 Fighting
 + Level 2.5 Maces & Flails
 + Level 3.8 Armour
 + Level 0.4 Dodging
 + Level 4.3 Shields


You had 3 spell levels left.
You didn't know any spells.

Dungeon Overview and Level Annotations

Branches:
Dungeon (2/15)

Altars:


Innate Abilities, Weirdness & Mutations

You are resistant to torment.
Your stone body is resilient. (AC +3)
You are immune to poison.
You resist negative energy. (rN+)
You are resistant to electric shocks. (rElec)
You can survive without breathing.
You are immune to petrification.
You are immune to rotting.


Message History

You block the ogre's attack.
Your chain mail prevents you from hitting the ogre.
The ogre hits you with a giant club.
You hit the ogre.
The ogre is lightly wounded.
The ogre barely misses you.
You sock the ogre!
The ogre is moderately wounded.
You block the ogre's attack.
You hit the ogre.
The ogre is moderately wounded.
You block the ogre's attack.
You sock the ogre!
The ogre is heavily wounded.
The ogre hits you with a giant club!
Your shield and chain mail prevent you from hitting the ogre.
The ogre is heavily wounded.
The ogre hits you with a giant club!!
Ouch! That really hurt!
You die...

#....#####.#
#..........#
##.#########
#######........
#.........#####
#.........#
#.........#####
#..............
#######@######
#O# ... .....
......#
........
.....#####
.[....


You could see an ogre.

Vanquished Creatures
  A gnoll (D:1)
  2 adders (D:2)
  An ooze (D:1)
  9 bats
  A giant cockroach (D:2)
  7 goblins
  4 hobgoblins (D:1)
  2 kobolds (D:1)
  A quokka (D:2)
  A ball python (D:2)
  A frilled lizard (D:1)
  5 rats (D:1)
35 creatures vanquished.

Notes
Turn   | Place    | Note
-------+----------+-------------------------------------------
     0 | D:1      | emperorscorpion the Gargoyle Fighter began the quest for the Orb.
     0 | D:1      | Reached XP level 1. HP: 14/14 MP: 1/1
    67 | D:1      | Reached XP level 2. HP: 16/19 MP: 2/2
   265 | D:1      | Reached XP level 3. HP: 20/23 MP: 3/3
   370 | D:1      | Reached skill level 4 in Shields
   868 | D:2      | Reached XP level 4. HP: 13/28 MP: 4/4
  1056 | D:2      | Noticed an ogre
  1065 | D:2      | Slain by an ogre

Vault maps used:
D:1:      dpeg_arrival_ratfight
D:2:      grunt_temple_overflow_open, nicolae_qazlal_general_emergency,
          uniq_terence

Skill      XL: |  1  2  3 |
---------------+----------+-----
Shields        | 4 |  4.3
Fighting       | |  3.5
Maces & Flails | |  2.5
Armour         | |  3.8
Dodging        | |  0.4

Action                   |  1- 3 |  4- 6 || total
-------------------------+-------+-------++-------
Melee: Flail             |   148 |    12 ||   160
  Eat: Chunk             |       |     1 ||     1
Armor: Scale mail        |    90 |       ||    90
       Chain mail        |    23 |     6 ||    29
Dodge: Dodged            |    70 |     2 ||    72
Block: Shield            |    96 |     7 ||   103

Table legend:
 A = Spawn XP
 B = Non-spawn XP
 C = Spawn XP percentage of total XP
 D = Spawn monster count
 E = Non-spawn monster count
 F = Spawn count percentage of total count
 G = Total turns spent on level
                    A         B        C        D         E        F      G
               +---------+---------+-------+---------+---------+-------+---------
         Total |       0 |      97 |   0.0 |       0 |      35 |   0.0 |  1065
               +---------+---------+-------+---------+---------+-------+---------
           D:1 |       0 |      60 |   0.0 |       0 |      27 |   0.0 |   773
           D:2 |       0 |      37 |   0.0 |       0 |       8 |   0.0 |   292
               +---------+---------+-------+---------+---------+-------+---------
